 Dungeon Crawl Stone Soup version 0.19.1 (webtiles) character file.

7957 Satou the Destroyer (level 11, -27/74 HPs)
             Began as a Pale Draconian Air Elementalist on Dec 19, 2016.
             Was an Elder of Sif Muna.
             Annihilated by a large abomination (32 damage)
             ... on level 2 of the Abyss on Dec 22, 2016.
             The game lasted 02:28:01 (13744 turns).

Satou the Destroyer (DrAE)                         Turns: 13744, Time: 02:28:02

Health: -27/74     AC: 16    Str:  7 (9)  XL:     11   Next: 3%
Magic:  16/22      EV: 15    Int: 21 (22) God:    Sif Muna [****..]
Gold:   349        SH:  3    Dex: 16      Spells: 5 memorised, 12 levels left

rFire  + + .     SeeInvis .     J - +3 flail of Qazlal's Hatred {pain, rElec rF++ MR+ Stlth-}
rCold  + . .     Gourm    .     (armour unavailable)
rNeg   . . .     Faith    .     (no shield)
rPois  .         Spirit   .     (helmet restricted)
rElec  +         Reflect  +     D - +2 cloak
rCorr  .         Harm     .     F - +2 pair of gloves of the Elven Halls {rC+ Str-2 Dex+5}
MR     +....                    (no boots)
Stlth  ++........               y - +3 amulet of reflection
                                q - +3 ring of intelligence
                                h - +3 ring of protection

@: repel missiles
A: breathe steam, unfitting armour, cold-blooded, AC +7
a: Breathe Steam, Divine Energy, Channel Magic, Forget Spell, Renounce Religion


You were on level 2 of the Abyss.
You worshipped Sif Muna.
Sif Muna was greatly pleased with you.
You were not hungry.

You visited 2 branches of the dungeon, and saw 10 of its levels.
You visited the Abyss 1 time.

You collected 531 gold pieces.
You spent 182 gold pieces at shops.

Inventory:

Hand Weapons
 i - a +3 scimitar of distortion
 v - a +2 dagger of speed
 E - a +1 dagger of venom
 I - a +2 morningstar of flaming
 J - the +3 flail of Qazlal's Hatred (weapon) {pain, rElec rF++ MR+ Stlth-}
   (You found it on level 9 of the Dungeon)

   In the hands of one skilled in necromantic magic, it inflicts extra damage on
   living creatures.
   It greatly protects you from fire.
   It insulates you from electricity.
   It affects your resistance to hostile enchantments.
   It makes you less stealthy.
 M - a +0 long sword
Missiles
 d - 4 throwing nets (quivered)
 e - 126 arrows
 s - 10 poisoned needles
 t - 63 sling bullets
Armour
 D - a +2 cloak (worn)
 F - the +2 pair of gloves of the Elven Halls (worn) {rC+ Str-2 Dex+5}
   (You found it on level 6 of the Dungeon)

   It affects your strength (-2).
   It affects your dexterity (+5).
   It protects you from cold.
Jewellery
 h - a +3 ring of protection (left hand)
 j - a +5 ring of strength
 m - a +4 ring of evasion
 n - a +3 ring of dexterity
 q - a +3 ring of intelligence (right hand)
 x - an uncursed amulet of the gourmand
 y - a +3 amulet of reflection (around neck)
Wands
 l - a wand of acid (0/15)
 u - a wand of random effects (14/48)
 z - a wand of polymorph (7/24)
 A - a wand of confusion (25/48)
 L - a wand of iceblast (5/15)
Scrolls
 k - a scroll of identify
 w - 4 scrolls of noise
 C - a scroll of immolation
 G - 3 scrolls of remove curse
Potions
 c - a potion of ambrosia
 p - 5 potions of flight
 r - a potion of invisibility
Books
 a - a book of Air

   Spells                             Type                      Level
   a - Shock                          Conjuration/Air              1
   b - Swiftness                      Charms/Air                   2
   c - Repel Missiles                 Charms/Air                   2
   d - Static Discharge               Conjuration/Air              3
   e - Lightning Bolt                 Conjuration/Air              5
Comestibles
 b - 8 bread rations
 f - 4 meat rations
 g - 7 beef jerkies
 K - 2 fruits


   Skills:
 - Level 0.2 Fighting
 - Level 4.0 Long Blades
 + Level 1.7 Maces & Flails
 + Level 5.0 Dodging
 - Level 3.7 Stealth
 + Level 7.8 Spellcasting
 * Level 10.3 Conjurations
 + Level 0.1 Charms
 + Level 8.8 Air Magic
 + Level 1.3 Evocations


You had 12 spell levels left.
You knew the following spells:

 Your Spells              Type           Power        Failure   Level  Hunger
a - Shock                 Conj/Air       ####         1%          1    None
b - Repel Missiles        Chrm/Air       ####..       1%          2    None
c - Static Discharge      Conj/Air       #####...     1%          3    None
d - Lightning Bolt        Conj/Air       #####.....   4%          5    #####..
e - Swiftness             Chrm/Air       ####....     1%          2    None


Dungeon Overview and Level Annotations

Branches:
Dungeon (9/15)             Temple (1/1) D:4            Lair (0/6) D:9
    Orc: D:9-12

Altars:
Ashenzari
Cheibriados
Dithmenos
Elyvilon
Fedhas
Gozag
Kikubaaqudgha
Makhleb
Nemelex Xobeh
Okawaru
Qazlal
Ru
Sif Muna
Trog
Uskayaw
Vehumet
Xom
Yredelemnul
Zin
The Shining One

Shops:
D:5 !   D:9 =

Annotations:
D:8 Cupidatis's ghost, novice GrEE
D:9 Erolcha
Abyss:1 Pikel


Innate Abilities, Weirdness & Mutations

You can breathe blasts of scalding, opaque steam.
Your pale cyan-grey scales are hard. (AC +7)
You cannot fit into any form of body armour.
You are cold-blooded and may be slowed by cold attacks.


Message History

The chaos spawn explodes!
Sif Muna accepts your kill.
The chaos spawn degenerates into a cloud of primal chaos!
You are starving!
You are engulfed in roaring flames.
You resist.
You start eating one of the 9 beef jerkies.
You are feeling hungry.
That beef jerky was delicious!
You start eating one of the 8 beef jerkies.
That beef jerky was delicious!
You start resting.
A large abomination materialises.
An apocalypse crab comes into view.
The large abomination hits you!
* * * LOW HITPOINT WARNING * * *
The large abomination closely misses you.
A ynoxinul comes into view.
The ynoxinul bellows!
The large abomination hits you!!
You die...

#.# # # #... .
.#.##...... .# ##.
.#..##....(#. #..##
#.#......#...
...3..#####..# ..#..#.##
........#......#...#..#
......##.#..#.#......#.#
#..X.###.# ..#. ..#.
###@## ####..#... ..
#......#.# .... #. #.
...##.# ..# #...# ##..
#. #.# ..### . . . ## .#
.. #. # #


You could see a large abomination and a ynoxinul.

Vanquished Creatures
  2 large abominations (Abyss:2)
  A troll (D:8)
  A hornet (D:9)
  3 hippogriffs
  A shadow (Abyss:2)
  A wyvern (D:8)
  A chaos spawn (Abyss:2)
  2 orc warriors (D:8)
  2 slaves (D:7)
  A fire dragon simulacrum (Abyss:2)
  2 ice beasts (D:7)
  5 sky beasts
  A black bear (D:7)
  An eye of draining (Abyss:2)
  2 phantoms
  2 ogres
  2 centaurs (D:5)
  9 big kobolds
  2 gnoll sergeants
  Blork the orc (D:4)
  2 bullfrogs
  A wyvern zombie (D:9)
  2 scorpions
  7 killer bees
  3 wights (D:7)
  2 small abominations (Abyss:2)
  4 crimson imps
  2 quasits
  3 jellies
  7 orc priests
  6 hounds
  3 bullfrog skeletons
  2 centaur skeletons
  11 orc wizards
  7 worker ants
  A hound skeleton (D:8)
  A howler monkey skeleton (D:7)
  16 gnolls
  13 adders
  2 shadow imps
  An ufetubus (Abyss:2)
  2 oozes (D:2)
  2 worms
  3 dart slugs
  3 leopard geckos
  26 orcs
  7 bats
  8 giant cockroaches
  2 goblins (D:3)
  7 hobgoblins
  14 jackals
  3 quokkas
  2 ball pythons (D:3)
  7 frilled lizards
  57 kobolds
  2 leopard gecko skeletons
  A quokka skeleton (D:9)
  5 rats
  A spectral orc (D:6)
  A plant (Temple)
291 creatures vanquished.

Vanquished Creatures (others)
  A frost giant zombie (Abyss:2)
  A centaur (D:7)
  A big kobold (D:5)
  A bullfrog (D:8)
  A worker ant (D:8)
  An ufetubus (Abyss:2)
  An orc (D:7)
  A bush (Temple)
8 creatures vanquished.

Grand Total: 299 creatures vanquished

Notes
Turn   | Place    | Note
-------+----------+-------------------------------------------
     0 | D:1      | Satou the Draconian Air Elementalist began the quest for the Orb.
     0 | D:1      | Reached XP level 1. HP: 14/14 MP: 3/3
   438 | D:1      | Reached XP level 2. HP: 20/20 MP: 0/5
  1170 | D:2      | Reached XP level 3. HP: 26/26 MP: 3/6
  1920 | D:3      | Learned a level 2 spell: Repel Missiles
  1924 | D:3      | Learned a level 3 spell: Static Discharge
  2358 | D:3      | Reached XP level 4. HP: 30/33 MP: 3/7
  2481 | D:3      | Reached skill level 2 in Conjurations
  2788 | D:3      | Reached XP level 5. HP: 38/38 MP: 5/9
  3112 | D:3      | Reached skill level 3 in Conjurations
  3141 | D:3      | Found a shadowy altar of Dithmenos.
  3141 | D:3      | Found a glowing silver altar of Zin.
  3148 | D:3      | Found a shimmering altar of Xom.
  3154 | D:3      | Found a white marble altar of Elyvilon.
  3155 | D:3      | Found a snail-covered altar of Cheibriados.
  3609 | D:4      | Reached XP level 6. HP: 45/45 MP: 3/11
  4037 | D:4      | Gained mutation: Your body sometimes deteriorates upon taking damage. [potion of mutation]
  4037 | D:4      | Gained mutation: Your large and strong wings let you fly indefinitely. [potion of mutation]
  4037 | D:4      | Lost mutation: Your body sometimes deteriorates upon taking damage. [potion of mutation]
  4216 | D:4      | Learned a level 5 spell: Lightning Bolt
  4263 | D:4      | Noticed Blork the orc
  4271 | D:4      | Killed Blork the orc
  4482 | D:4      | Found a staircase to the Ecumenical Temple.
  4505 | D:4      | Reached skill level 4 in Conjurations
  4505 | D:4      | Your scales start taking on a pale cyan-grey colour.
  4505 | D:4      | Reached skill level 5 in Air Magic
  4505 | D:4      | Reached XP level 7. HP: 50/50 MP: 2/13
  4703 | Temple   | Entered the Ecumenical Temple
  4737 | Temple   | Became a worshipper of Sif Muna the Loreminder
  5010 | D:5      | Entered Level 5 of the Dungeon
  5388 | D:5      | Reached skill level 5 in Conjurations
  5645 | D:5      | Reached XP level 8. HP: 56/57 MP: 3/15
  5741 | D:5      | Learned a level 2 spell: Swiftness
  5763 | D:5      | Reached * piety under Sif Muna
  6001 | D:5      | Reached skill level 5 in Spellcasting
  6139 | D:5      | Reached skill level 6 in Conjurations
  6143 | D:5      | Reached skill level 1 in Long Blades
  6524 | D:5      | Found Mustira's Distillery.
  6602 | D:5      | Found a burning altar of Makhleb.
  6607 | D:5      | Bought a potion of heal wounds for 65 gold pieces
  6607 | D:5      | Bought a potion of curing for 39 gold pieces
  6607 | D:5      | Bought a potion of curing for 39 gold pieces
  6607 | D:5      | Bought a potion of curing for 39 gold pieces
  7408 | D:6      | Reached skill level 7 in Conjurations
  7476 | D:6      | Got a pair of scorched gloves
  7477 | D:6      | Identified the +2 pair of gloves of the Elven Halls {rC+ Str-2 Dex+5} (You found it on level 6 of the Dungeon)
  7623 | D:6      | Reached ** piety under Sif Muna
  7760 | D:6      | Reached XP level 9. HP: 62/62 MP: 9/17
  7927 | D:6      | Found a basalt altar of Yredelemnul.
  8011 | D:6      | Found a burning altar of Makhleb.
  8089 | D:6      | Found a deep blue altar of Sif Muna.
  8622 | D:6      | Gained mutation: You are weak. (Str -2) [mutagenic meat]
  8623 | D:6      | Gained mutation: Your body sometimes deteriorates upon taking damage. [mutagenic meat]
  9006 | D:7      | Reached skill level 8 in Conjurations
  9063 | D:7      | Gained mutation: Scrolls take you a little longer to read. [mutagenic meat]
  9170 | D:7      | Found a stormy altar of Qazlal.
  9190 | D:7      | Found a shattered altar of Ashenzari.
  9232 | D:7      | Reached *** piety under Sif Muna
  9496 | D:7      | Found a glowing golden altar of the Shining One.
  9929 | D:7      | Reached skill level 9 in Conjurations
  9940 | D:7      | Noticed Pikel
  9951 | D:7      | Banished Pikel
  9951 | D:7      | Reached XP level 10. HP: 56/69 MP: 0/20
 10112 | D:7      | Found an ancient bone altar of Kikubaaqudgha.
 10585 | D:8      | Noticed Cupidatis's ghost (novice GrEE)
 11170 | D:8      | Found a basalt altar of Yredelemnul.
 11273 | D:8      | Reached **** piety under Sif Muna
 12568 | D:9      | Found Issonko's Jewellery Emporium.
 12641 | D:9      | Reached skill level 10 in Conjurations
 12889 | D:9      | Found a staircase to the Lair.
 13171 | D:9      | Noticed Erolcha
 13371 | D:9      | Got a translucent flail
 13374 | D:9      | Cast into level 2 of the Abyss (a distortion unwield)
 13375 | Abyss:2  | Identified the +3 flail of Qazlal's Hatred {pain, rElec rF++ MR+ Stlth-} (You found it on level 9 of the Dungeon)
 13529 | Abyss:2  | Noticed a large abomination
 13585 | Abyss:2  | Killed a large abomination
 13653 | Abyss:2  | Noticed a large abomination
 13692 | Abyss:2  | Lost mutation: Your body sometimes deteriorates upon taking damage. [potion of cure mutation]
 13692 | Abyss:2  | Lost mutation: You are weak. (Str -2) [potion of cure mutation]
 13692 | Abyss:2  | Lost mutation: Your large and strong wings let you fly indefinitely. [potion of cure mutation]
 13692 | Abyss:2  | Lost mutation: Scrolls take you a little longer to read. [potion of cure mutation]
 13693 | Abyss:2  | Reached skill level 1 in Evocations
 13694 | Abyss:2  | Reached skill level 1 in Maces & Flails
 13694 | Abyss:2  | HP: 3/69 [cloud of flame (5)]
 13694 | Abyss:2  | Killed a large abomination
 13694 | Abyss:2  | Reached skill level 5 in Dodging
 13694 | Abyss:2  | Reached XP level 11. HP: 4/74 MP: 12/22
 13729 | Abyss:2  | HP: 2/74 [large abomination (10)]
 13744 | Abyss:2  | Annihilated by a large abomination

Skill      XL: |  1  2  3  4  5  6  7  8  9 10 |
---------------+-------------------------------+-----
Dodging        | 2 3 4 5 |  5.0
Stealth        | 2 3 |  3.7
Conjurations   | 2 3 4 5 7 9 10 | 10.3
Air Magic      | 4 5 6 7 8 |  8.8
Spellcasting   | 3 4 5 6 7 |  7.8
Long Blades    | 1 3 4 |  4.0
Evocations     | 1 |  1.3
Maces & Flails | 1 |  1.7
Fighting       | |  0.2
Charms         | |  0.1

Action                   |  1- 3 |  4- 6 |  7- 9 | 10-12 || total
-------------------------+-------+-------+-------+-------++-------
Melee: Unarmed           |    10 |       |       |       ||    10
       Whip              |    10 |       |       |       ||    10
       Tailslap          |     4 |       |    11 |    11 ||    26
       Halberd           |       |     2 |       |       ||     2
       Short sword       |       |     1 |       |       ||     1
       Scimitar          |       |       |    79 |    56 ||   135
       Flail             |       |       |       |    12 ||    12
 Cast: Shock             |    94 |   119 |   211 |    91 ||   515
       Repel Missiles    |       |     2 |     2 |       ||     4
       Static Discharge  |       |     2 |    34 |       ||    36
       Lightning Bolt    |       |       |    30 |    30 ||    60
       Swiftness         |       |       |     1 |     4 ||     5
 Abil: Breathe Steam     |       |       |       |     1 ||     1
Evoke: Wand              |       |     1 |     2 |     8 ||    11
  Use: Scroll            |     5 |     3 |     4 |     9 ||    21
       Potion            |       |     8 |     4 |    14 ||    26
 Stab: Sleeping          |       |       |     1 |     1 ||     2
       Distracted        |       |       |     1 |     1 ||     2
  Eat: Chunk             |     5 |    16 |    25 |    14 ||    60
       Pizza             |       |       |     1 |     1 ||     2
       Fruit             |       |       |       |     2 ||     2
       Beef jerky        |       |       |       |     3 ||     3
Armor: Skin              |    10 |    11 |    44 |   117 ||   182
Dodge: Dodged            |    40 |    28 |   158 |   199 ||   425
       Deflected         |       |     1 |    13 |       ||    14
Block: Other             |       |       |       |     2 ||     2
       Rpst.: Scimitar   |       |       |    41 |    14 ||    55
